 Dungeon Crawl Stone Soup version 0.27-a0-824-gca8104f8d5 (webtiles) character file.

Game seed: 3433520312432761554

134 Harga the Caller (level 5, -4/38 HPs)
             Began as a Formicid Summoner on Mar 30, 2021.
             Killed from afar by an orc wizard (6 damage)
             ... with a magic dart
             ... on level 3 of the Dungeon.
             The game lasted 00:25:44 (2706 turns).

Harga the Caller (Formicid Summoner)                Turns: 2706, Time: 00:25:47

Health: -4/38      AC:  2    Str: 18    XL:     5   Next: 40%
Magic:  5/9        EV: 16    Int: 18    God:
Gold:   90         SH:  5    Dex: 11    Spells: 6/10 levels left

rFire    . . .     SeeInvis +   g - +0 trident
rCold    . . .     Faith    .   (no shield)
rNeg     . . .     Spirit   .   a - +0 robe
rPois    +         Reflect  +   (helmet unavailable)
rElec    .         Harm     .   (no cloak)
rCorr    .         Rampage  .   (no gloves)
Will     .....                  (no boots)
Stlth    ++........             c - amulet of reflection
HPRegen  0.12/turn              f - +4 ring of evasion
MPRegen  0.11/turn              i - +6 ring of strength

@: no status effects
A: permanent stasis, dig shafts and tunnels, antennae 3, four strong arms,
clever 1, poison resistance
a: Dig, Shaft Self


You were on level 3 of the Dungeon.
You visited 1 branch of the dungeon, and saw 3 of its levels.

You collected 90 gold pieces.

Inventory:

Hand Weapons
 b - a +0 spear
 g - a +0 trident (weapon)
 q - a +0 falchion of protection
Armour
 a - a +0 robe (worn)
Magical Staves
 n - a staff of cold
 o - a staff of earth
Jewellery
 c - an amulet of reflection (around neck)
 f - a +4 ring of evasion (left hand)
 i - a +6 ring of strength (right hand)
 m - a ring of fire
Scrolls
 e - 2 scrolls of identify {unknown}
 h - a scroll of magic mapping {unknown}
 k - a scroll of enchant weapon {unknown}
 l - a scroll of fog {unknown}
Potions
 d - 3 potions of mutation
 j - a potion of berserk rage {unknown}
 p - a potion of flight {unknown}


   Skills:
 + Level 1.9 Fighting
 + Level 2.6 Dodging
 + Level 3.2 Stealth
 + Level 3.2 Spellcasting
 + Level 4.6 Summonings


You had 6 spell levels left.
You knew the following spells:

 Your Spells              Type           Power      Damage    Failure   Level
a - Summon Small Mammal   Summ           76%        N/A       2%          1
b - Call Canine Familiar  Summ           19%        N/A       7%          3

Your spell library contained the following spells:

 Spells                   Type           Power      Damage    Failure   Level
 Call Imp                 Summ           19%        N/A       3%          2
 Summon Guardian Golem    Hex/Summ       11%        N/A       19%         3
 Summon Ice Beast         Ice/Summ       11%        N/A       52%         4
 Summon Lightning Spire   Summ/Air       11%        N/A       52%         4


Dungeon Overview and Level Annotations

Branches:
Dungeon (3/15)

Altars:


Innate Abilities, Weirdness & Mutations

You cannot be hasted, slowed, berserked, paralysed or teleported.
You can dig through walls and to a lower floor.
You have a pair of large antennae on your head. (SInv)
Your four strong arms can wield two-handed weapons with a shield.
Your mind is acute. (Int +2)
Your system is resistant to poisons. (rPois)


Message History

Your hound barely misses the bat.
The bat completely misses you. The orc wizard closely misses you.
The frilled lizard closely misses you.
You barely miss the orc wizard. The bat hits you but does no damage.
The bat hits your hound but does no damage.
Your hound misses the bat. The orc wizard barely misses you.
Your hound closely misses the bat.
The bat closely misses your hound.
The frilled lizard unfolds its giant frill.
The frilled lizard misses you.
You closely miss the orc wizard. The bat barely misses you.
Your hound misses the bat. The bat hits you.
The orc wizard gestures at you while chanting.
The magic dart hits you!
* * * LOW HITPOINT WARNING * * *
Your hound bites the bat.
The frilled lizard closely misses you.
The orc wizard hits you with a +0 dagger.
* * * LOW HITPOINT WARNING * * *
You miss the orc wizard. The bat closely misses you.
Your hound closely misses the bat.
The frilled lizard closely misses you.
Your hound bites the bat.
The orc wizard misses you.
You hit the orc wizard.
The orc wizard is lightly wounded.
You feel less confused. You block the bat's attack.
Your hound closely misses the bat.
The frilled lizard bites you.
* * * LOW HITPOINT WARNING * * *
The orc wizard closely misses you. The frilled lizard closely misses you.
It was a potion of mutation.
You feel extremely strange.
You feel resistant to poisons.
You feel clever. The bat barely misses your hound. The bat hits your hound.
Your hound bites the bat.
The bat dies!
The orc wizard closely misses you. The frilled lizard barely misses you.
You hit the orc wizard but do no damage.
The orc wizard is lightly wounded.
The orc wizard hits you with a +0 dagger.
* * * LOW HITPOINT WARNING * * *
Your hound bites the orc wizard.
You block the frilled lizard's attack.
The orc wizard gestures at you while chanting.
The magic dart hits you.
You die...

>..... ..... #....
...# .. #..# #...##..#
### #...†.ho# #.. #@#
#.### #l# ....
#.####.# #......#
#########).###.###.##.
#.......).....†.......
#.################.###
#...........
#..†.######


You could see an orc wizard (ally target), a frilled lizard and a friendly hound
(summoned).

Vanquished Creatures
  An orc wizard (D:2)
  An adder (D:2)
  2 worms (D:2)
  4 dart slugs
  6 orcs
  2 endoplasms
  3 giant cockroaches
  A goblin (D:1)
  4 hobgoblins
  5 jackals
  4 kobolds (D:1)
  A quokka (D:2)
  A ball python (D:1)
  4 bats
  3 rats
42 creatures vanquished.

Vanquished Creatures (collateral kills)
  An orc priest (D:3)
  An adder (D:2)
  A dart slug (D:2)
  3 orcs
  2 ball pythons (D:1)
  A bat (D:3)
  An endoplasm (D:3)
  4 goblins
  3 hobgoblins (D:1)
  A jackal (D:1)
  2 frilled lizards
  2 kobolds (D:1)
  A rat (D:1)
23 creatures vanquished.

Grand Total: 65 creatures vanquished

Notes
Turn   | Place    | Note
-------+----------+-------------------------------------------
     0 | D:1      | Harga the Formicid Summoner began the quest for the Orb.
     0 | D:1      | Reached XP level 1. HP: 13/13 MP: 3/3
   176 | D:1      | Reached XP level 2. HP: 19/19 MP: 1/5
   819 | D:1      | Reached XP level 3. HP: 24/24 MP: 4/6
  1679 | D:2      | Reached skill level 1 in Fighting
  1679 | D:2      | Reached XP level 4. HP: 17/32 MP: 8/8
  1941 | D:2      | Reached XP level 5. HP: 20/37 MP: 5/9
  2600 | D:2      | Learned a level 3 spell: Call Canine Familiar
  2705 | D:3      | Gained mutation: Your system is resistant to poisons.
                  | (rPois) [potion of mutation]
  2705 | D:3      | Gained mutation: Your mind is acute. (Int +2) [potion of
                  | mutation]
  2706 | D:3      | Killed from afar by an orc wizard

Illustrated notes

Levels and vault maps discovered:
D:1:      matt_arrival_spirals, layout_basic, minmay_split_cup_large
D:2:      layout_loops_ring
D:3:      layout_basic, gammafunk_temple_overflow_arena

Skill      XL: |  1  2  3  4 |
---------------+-------------+-----
Dodging        | 2 |  2.6
Stealth        | 3 |  3.2
Fighting       | 1 |  1.9
Spellcasting   | 3 |  3.2
Summonings     | |  4.6

Action                   |  1- 3 |  4- 6 || total
-------------------------+-------+-------++-------
Melee: Spear             |     5 |       ||     5
       Trident           |   111 |    82 ||   193
 Cast: Summon Small Mamm |    17 |    14 ||    31
       Call Canine Famil |       |     4 ||     4
  Use: Potion            |       |     1 ||     1
 Stab: Sleeping          |     3 |     2 ||     5
       Distracted        |     2 |     1 ||     3
Armor: Robe              |    12 |     4 ||    16
Dodge: Dodged            |    72 |    58 ||   130
Block: Other             |    23 |    17 ||    40
       Reflection        |       |     1 ||     1

Table legend: (Time is in decaauts)
 A = Elapsed time spent in this place.
 B = Non-inter-level travel time spent in this place.
 C = Inter-level travel time spent in this place.
 D = Time resting spent in this place.
 E = Time spent auto-exploring this place.
 F = Levels seen in this place.
 G = Mean time per level.
                   A        B        C        D        E       F      G
               +--------+--------+--------+--------+--------+-----+--------+
         Total |   2763 |   2763 |      0 |    903 |    806 |   3 |  921.0 |
       Dungeon |   2763 |   2763 |      0 |    903 |    806 |   3 |  921.0 |
               +--------+--------+--------+--------+--------+-----+--------+

Top non-repeatable levels by time:
     D:1: 1400 daAuts
     D:2: 1250 daAuts
     D:3: 113 daAuts
